Map: Romanticide LE

Players

maru

  • Race: Terran Terran

Reynor - Winner!

  • Race: Zerg Zerg

Event: DreamHack SC2 Masters 2021 Summer

VOD

Have the link to the VOD?

Description

Time

  • Played on: July 4, 2021, 1:50 p.m.
  • Length: 22:47

All games in this series

Show
View Real Time Build Order
Export as new Build Order

maru Terran 

Build Orders: Reaper Expand, Mech 

Get SALT Encoding   

  12  0:00  SCV  
  13  0:12  SCV  
  14  0:17  Supply Depot  
  14  0:24  SCV  
  15  0:38  SCV  
  15  0:39  Barracks  
  16  0:43  Refinery  
  16  0:50  SCV  
  17  1:02  SCV  
  18  1:15  SCV  
  19  1:27  Orbital Command, Reaper  
  20  1:37  Command Center  
  20  1:48  Supply Depot  
  20  1:52  SCV  
  21  1:59  Marine  
  22  2:04  SCV  
  23  2:10  Factory  
  23  2:15  Refinery  
  23  2:17  SCV  
  23  2:22  Barracks Reactor  
  24  2:29  SCV  
  25  2:41  SCV  
  26  2:49  Orbital Command  
  26  2:53  Starport, SCV  
  27  3:03  Hellion x2  
  27  3:05  SCV  
  32  3:08  Marine  
  32  3:10  Supply Depot  
  33  3:15  SCV  
  33  3:17  SCV  
  35  3:27  SCV  
  35  3:29  SCV, Fusion Core  
  37  3:36  Hellion x2  
  37  3:39  SCV  
  45  3:43  Supply Depot  
  45  3:45  SCV  
  46  3:51  Starport Tech Lab, SCV  
  44  3:58  SCV  
  45  4:03  SCV  
  45  4:05  Command Center  
  46  4:10  SCV  
  46  4:15  SCV  
  48  4:20  Battlecruiser  
  48  4:23  Hellion x2  
  58  4:25  SCV  
  58  4:30  Supply Depot  
  59  4:34  SCV  
  59  4:38  SCV  
  61  4:44  Refinery  
  61  4:45  Refinery  
  61  4:46  SCV  
  61  4:47  Supply Depot  
  61  4:52  Hellion x2  
  66  4:55  SCV  
  67  5:02  Factory  
  67  5:03  SCV  
  67  5:04  Factory  
  68  5:08  SCV  
  68  5:13  Hellion x2  
  73  5:15  SCV  
  73  5:17  Orbital Command  
  74  5:23  SCV  
  74  5:26  Supply Depot  
  74  5:27  SCV  
  72  5:35  SCV  
  72  5:36  Battlecruiser  
  72  5:40  SCV  
  72  5:42  SCV  
  74  5:45  Hellion x2  
  74  5:48  SCV  
  73  5:52  SCV  
  73  5:54  Orbital Command  
  69  5:57  Weapon Refit  
  69  5:58  Hellion x2  
  72  6:04  SCV x2  
  72  6:06  Hellion  
  72  6:08  Hellion  
  78  6:11  Engineering Bay  
  78  6:16  SCV x2  
  80  6:20  SCV, Armory x2  
  80  6:23  Factory Tech Lab x2  
  81  6:28  SCV x2, Supply Depot  
  81  6:31  Hellion x2  
  81  6:32  SCV  
  88  6:43  Battlecruiser  
  88  6:44  SCV  
  88  6:47  SCV  
  96  6:49  Refinery x2  
  96  6:52  SCV  
  97  6:56  SCV, Siege Tank  
  97  6:59  SCV  
  98  7:04  SCV  
  91  7:08  SCV, Hellion x2, Siege Tank  
  91  7:11  SCV  
  96  7:16  SCV, Command Center  
  96  7:18  Terran Vehicle Weapons Level 1, Terran Vehicle And Ship Armor Level 1, Supply Depot  
  96  7:20  SCV  
  98  7:28  SCV  
  103  7:30  Hellion x2  
  103  7:32  Siege Tank  
  103  7:33  Missile Turret x2  
  103  7:34  Missile Turret  
  103  7:35  SCV x2  
  108  7:40  SCV, Siege Tank  
  108  7:41  Supply Depot  
  108  7:44  Factory  
  112  7:47  SCV x2  
  112  7:48  Supply Depot  
  114  7:52  SCV, Hellion  
  114  7:56  Missile Turret  
  117  8:00  Supply Depot  
  117  8:01  Supply Depot  
  117  8:03  Hellion  
  119  8:07  Factory  
  119  8:12  Siege Tank  
  122  8:13  Siege Tank  
  122  8:15  SCV x2  
  122  8:16  Missile Turret, Supply Depot  
  127  8:21  Hellion  
  127  8:22  SCV  
  127  8:25  Missile Turret  
  127  8:26  Missile Turret  
  130  8:27  SCV  
  130  8:28  Factory Tech Lab  
  130  8:29  SCV  
  130  8:32  Battlecruiser  
  138  8:38  Hellion  
  138  8:39  Sensor Tower  
  138  8:41  SCV x2  
  142  8:42  SCV  
  142  8:44  Siege Tank  
  142  8:46  Hellion, Siege Tank  
  151  8:50  Siege Tank  
  154  9:02  Factory Reactor  
  150  9:04  Planetary Fortress  
  150  9:09  SCV x2, Hellion  
  154  9:14  Refinery  
  154  9:15  Terran Vehicle Weapons Level 2  
  154  9:16  Refinery, Missile Turret x2  
  154  9:17  Missile Turret  
  154  9:20  Hellion  
  156  9:29  Command Center  
  156  9:32  Hellion x2  
  156  9:36  Mag-Field Accelerator  
  160  9:41  Terran Vehicle And Ship Armor Level 2, Supply Depot  
  160  9:44  SCV, Command Center, Supply Depot  
  161  9:55  Factory  
  161  9:56  Factory x2  
  161  10:02  Infernal Pre-Igniter  
  161  10:07  Cyclone x2  
  161  10:09  Cyclone, Command Center  
  170  10:22  Sensor Tower  
  170  10:25  Hellion x4  
  178  10:33  Orbital Command  
  178  10:39  Cyclone  
  178  10:42  Siege Tank x2  
  182  10:46  SCV, Hellion  
  182  10:49  SCV  
  174  10:50  SCV  
  174  10:52  Factory Tech Lab  
  174  10:53  Factory Reactor  
  174  10:55  Supply Depot  
  170  10:58  SCV x2  
  172  11:09  Factory Reactor  
  173  11:11  Cyclone  
  173  11:14  Cyclone x2  
  173  11:15  Siege Tank  
  182  11:25  Orbital Command  
  182  11:29  Hellion  
  182  11:31  Hellion x3  
  182  11:32  Hellion  
  192  11:33  Terran Vehicle Weapons Level 3  
  192  11:42  Hellion x10  
  192  11:43  Siege Tank  
  192  11:46  Siege Tank  
  198  11:50  Hellion  
  190  11:54  Battlecruiser  
  190  11:56  Siege Tank x2  
  190  11:57  Hellion  
  190  11:59  Orbital Command  
  174  12:13  Hellion x4  
  174  12:15  Cyclone  
  185  12:17  SCV  
  186  12:23  Supply Depot x2  
  186  12:29  Planetary Fortress  
  186  12:30  Missile Turret  
  186  12:41  Supply Depot  
  186  12:44  SCV x2, Cyclone x2  
  186  12:46  Cyclone, Hellion  
  186  12:47  Refinery x2  
  197  12:52  Hellion x2  
  194  12:58  Siege Tank  
  194  12:59  Hellion  
  199  13:09  Terran Vehicle And Ship Armor Level 3  
  195  13:14  Siege Tank  
  163  13:29  Cyclone x2, Hellion x2  
  163  13:30  Hellion  
  163  13:32  Siege Tank x2  
  163  13:33  Hellion x3  
  161  13:35  Orbital Command  
  161  13:37  SCV x3  
  145  13:47  SCV, Hellion  
  134  13:49  SCV x3  
  134  13:51  Hellion x2  
  141  14:01  SCV x2, Siege Tank x2  
  149  14:04  Siege Tank x2  
  149  14:05  SCV x2, Hellion  
  149  14:06  SCV  
  149  14:08  Siege Tank  
  157  14:13  SCV x2  
  159  14:17  SCV  
  159  14:20  SCV  
  161  14:24  Hellion x2  
  165  14:33  Cyclone, Siege Tank  
  165  14:36  Cyclone  
  165  14:37  SCV x2  
  170  14:40  Missile Turret  
  170  14:43  Siege Tank  
  173  14:51  Refinery  
  173  14:53  Cyclone  
  168  15:05  Cyclone x2  
  171  15:08  Cyclone  
  171  15:12  Hellion x2  
  178  15:15  Cyclone  
  178  15:20  Hellion x2, Sensor Tower  
  185  15:25  Cyclone  
  188  15:33  Hellion x2  
  188  15:34  SCV  
  181  15:37  Cyclone x2  
  181  15:39  Hellion  
  181  15:40  Cyclone  
  192  15:43  Terran Ship Weapons Level 1  
  192  15:57  Command Center  
  192  16:04  Command Center  
  192  16:05  Supply Depot  
  192  16:11  Cyclone  
  192  16:15  Cyclone  
  192  16:16  Cyclone  
  184  16:18  Cyclone x2  
  184  16:19  Hellion  
  185  16:31  Hellion x2  
  189  16:43  Cyclone  
  190  16:47  Siege Tank  
  190  16:48  Siege Tank  
  190  16:50  Cyclone  
  190  16:51  Cyclone  
  196  17:11  Command Center  
  196  17:15  Cyclone  
  199  17:26  Orbital Command  
  199  17:29  Siege Tank  
  197  17:36  Siege Tank  
  186  17:40  Siege Tank x2  
  176  17:48  Siege Tank  
  179  17:52  SCV x5  
  179  17:53  SCV  
  179  17:57  Hellion x2  
  189  18:01  Hellion x3  
  189  18:02  Cyclone  
  189  18:04  SCV x2  
  200  18:09  Terran Ship Weapons Level 2  
  200  18:17  Sensor Tower  
  194  18:23  Smart Servos  
  194  18:26  Siege Tank  
  179  18:27  Siege Tank  
  179  18:28  Hellion  
  179  18:31  Hellion x2, Siege Tank x2  
  179  18:34  Cyclone  
  184  18:38  Planetary Fortress  
  184  18:40  Orbital Command  
  182  18:43  Hellion  
  184  18:58  Cyclone, Hellion  
  184  18:59  Cyclone  
  172  19:02  Hellion  
  172  19:03  Cyclone x2  
  172  19:06  Cyclone  
  166  19:12  Hellion  
  166  19:16  Orbital Command  
  135  19:30  Cyclone  
  136  19:31  Cyclone  
  136  19:34  Hellion x2  
  136  19:35  Cyclone x2  
  136  19:38  Cyclone  
  150  19:48  Missile Turret  
  143  20:02  Cyclone  
  143  20:03  Cyclone  
  143  20:05  Hellion  
  143  20:06  Hellion  
  151  20:07  Cyclone  
  142  20:15  Cyclone  
  142  20:19  Hellion  
  142  20:20  Hellion x2  
  116  20:28  Cyclone  
  116  20:32  Hellion x2  
  123  20:37  Hellion x2  
  127  20:45  Siege Tank  
  130  20:50  Cyclone  
  130  20:51  Hellion  
  130  20:55  Hellion x2  
  139  21:03  Hellion x2  
  139  21:09  Orbital Command  
  139  21:15  Cyclone x2  
  139  21:16  Cyclone, Hellion  
  150  21:23  Hellion  
  149  21:27  Siege Tank  
  149  21:31  Hellion  
  139  21:34  Hellion  
  139  21:35  Hellion  
  139  21:38  Orbital Command  
  139  21:39  Hellion  
  127  21:48  Orbital Command  
  127  21:49  Cyclone  
  118  22:01  Hellion x2  
  117  22:06  Hellion  
  80  22:11  Hellion  
  76  22:22  Hellion  
Show
View Real Time Build Order
Export as new Build Order

Reynor Zerg - Winner!

Build Orders: Hatch First 

Get SALT Encoding   

  12  0:00  Drone  
  13  0:12  Overlord  
  13  0:16  Drone  
  14  0:30  Drone x2  
  16  0:47  Hatchery  
  15  0:50  Drone  
  15  0:55  Drone  
  17  0:58  Drone  
  18  1:12  Extractor  
  18  1:14  Spawning Pool  
  18  1:18  Drone  
  17  1:21  Drone  
  18  1:27  Drone  
  19  1:38  Drone  
  20  1:50  Overlord  
  20  2:00  Queen  
  22  2:01  Queen, Zergling x4  
  26  2:10  Drone  
  26  2:11  Drone  
  28  2:20  Drone  
  28  2:21  Drone  
  29  2:31  Spore Crawler  
  29  2:36  Hatchery, Drone  
  29  2:40  Drone  
  30  2:45  Metabolic Boost  
  30  2:48  Drone  
  31  2:53  Queen  
  33  2:58  Overlord  
  33  3:01  Drone  
  33  3:04  Drone  
  35  3:05  Drone  
  36  3:17  Drone x5  
  41  3:23  Overlord  
  41  3:26  Queen  
  43  3:28  Drone  
  44  3:39  Overlord  
  44  3:43  Drone  
  44  3:45  Overlord  
  44  3:46  Drone x2  
  47  3:49  Queen  
  49  3:56  Zergling x2  
  49  3:57  Queen, Zergling x4  
  49  4:01  Overlord  
  49  4:02  Drone  
  55  4:05  Drone x2  
  55  4:06  Drone  
  58  4:10  Drone x2  
  60  4:17  Baneling Nest  
  60  4:18  Drone, Spore Crawler  
  60  4:19  Drone  
  60  4:21  Drone x2  
  60  4:23  Drone x2  
  65  4:26  Queen  
  66  4:31  Overlord  
  66  4:34  Spore Crawler  
  65  4:39  Zergling x6  
  65  4:44  Drone x3  
  65  4:45  Queen  
  73  4:48  Overlord  
  73  4:51  Zergling x4  
  75  4:53  Drone x2  
  75  4:59  Queen  
  78  5:03  Lair  
  78  5:04  Baneling x2, Spore Crawler  
  78  5:05  Baneling x2  
  78  5:06  Drone  
  78  5:07  Drone  
  79  5:11  Drone x4  
  79  5:14  Drone x2  
  85  5:16  Drone x2  
  85  5:18  Overlord  
  87  5:23  Zergling x4  
  87  5:26  Overlord  
  89  5:29  Evolution Chamber  
  82  5:38  Drone x5  
  82  5:39  Drone x4  
  82  5:41  Drone x2  
  82  5:42  Drone  
  86  5:46  Queen  
  88  5:50  Drone x3  
  88  5:56  Drone x3  
  91  5:59  Extractor  
  91  6:00  Extractor  
  91  6:01  Extractor  
  91  6:03  Roach Warren, Evolution Chamber x2  
  85  6:05  Spore Crawler  
  85  6:08  Drone x2  
  85  6:09  Drone  
  87  6:13  Drone  
  87  6:14  Drone  
  87  6:16  Extractor  
  87  6:17  Extractor  
  87  6:18  Drone x4  
  91  6:19  Hatchery  
  91  6:20  Queen  
  92  6:26  Spire, Overlord  
  92  6:27  Drone  
  89  6:40  Hatchery, Zergling x12  
  89  6:44  Overlord  
  89  6:47  Zergling x6  
  95  6:51  Zerg Missile Weapons Level 1, Zerg Melee Weapons Level 1  
  98  6:54  Roach x2  
  95  7:06  Drone x6  
  99  7:08  Drone  
  99  7:09  Drone  
  99  7:11  Drone  
  99  7:13  Glial Reconstitution  
  102  7:21  Drone x4  
  102  7:22  Drone x3  
  109  7:29  Roach x2  
  113  7:32  Drone  
  113  7:35  Overlord  
  113  7:36  Drone  
  115  7:37  Extractor, Spore Crawler  
  115  7:40  Extractor, Overlord  
  115  7:41  Drone x3  
  115  7:44  Zerg Flyer Weapons Level 1  
  115  7:45  Drone x3  
  115  7:47  Overlord  
  115  7:49  Drone  
  115  7:59  Overlord  
  115  8:01  Drone x2  
  115  8:02  Drone  
  115  8:03  Drone x2  
  115  8:04  Drone x7  
  127  8:08  Overlord  
  127  8:09  Overlord  
  127  8:11  Pneumatized Carapace  
  127  8:22  Corruptor x8  
  143  8:29  Corruptor x3  
  143  8:33  Roach x2  
  143  8:34  Roach x2  
  155  8:40  Queen  
  155  8:41  Infestation Pit  
  158  8:49  Zerg Missile Weapons Level 2  
  158  8:53  Evolution Chamber  
  158  8:55  Drone x9  
  164  9:00  Roach  
  165  9:04  Overlord  
  165  9:07  Centrifical Hooks  
  165  9:08  Zerg Melee Weapons Level 2  
  166  9:15  Drone, Spine Crawler  
  166  9:16  Drone, Spine Crawler  
  166  9:18  Spine Crawler, Overlord  
  165  9:25  Hive  
  165  9:26  Hatchery  
  165  9:27  Roach x5  
  165  9:29  Overlord  
  174  9:32  Drone  
  174  9:34  Zergling x2  
  174  9:35  Overlord  
  174  9:43  Zergling x8, Roach x2  
  182  9:50  Extractor  
  182  9:51  Spine Crawler x2  
  179  9:52  Spine Crawler  
  179  9:53  Ravager x2  
  179  9:54  Ravager x8, Overlord  
  179  9:56  Baneling x4  
  179  9:57  Zergling x20  
  198  10:07  Baneling  
  198  10:08  Baneling x9  
  197  10:38  Zergling x18  
  197  10:39  Zergling x4  
  180  10:50  Roach  
  180  10:51  Zergling x4, Roach x10  
  180  10:54  Zergling x2, Roach  
  197  11:03  Zergling x8, Roach x2  
  200  11:05  Zerg Flyer Weapons Level 2  
  200  11:08  Unknown  
  200  11:09  Baneling x17  
  198  11:13  Ravager  
  198  11:14  Baneling x8  
  199  11:23  Baneling x5  
  199  11:30  Adrenal Glands  
  199  11:33  Spine Crawler x2, Spore Crawler  
  190  11:45  Zergling x30  
  177  11:56  Zergling x2, Roach x3  
  177  11:57  Zergling x32  
  190  12:02  Zergling x6, Roach x2  
  180  12:09  Zergling x4, Roach x4  
  180  12:10  Zergling x12  
  190  12:17  Roach x2  
  190  12:20  Hatchery  
  190  12:22  Zergling x8  
  197  12:23  Zergling x4  
  197  12:28  Zerg Missile Weapons Level 3, Zerg Melee Weapons Level 3  
  199  12:30  Baneling x21  
  199  12:31  Ravager  
  200  12:39  Baneling x7  
  200  12:40  Baneling  
  200  12:51  Zergling x16  
  200  12:55  Zergling x18  
  198  13:15  Pathogen Glands, Hatchery  
  170  13:27  Zergling x2  
  170  13:28  Zergling x44  
  170  13:33  Corruptor  
  171  13:37  Corruptor  
  165  13:43  Corruptor x4  
  165  13:48  Zergling x10  
  164  13:50  Roach x4  
  164  13:51  Queen  
  167  13:56  Corruptor  
  167  13:58  Roach x4  
  167  14:01  Baneling x2  
  167  14:02  Baneling x11  
  177  14:06  Viper, Roach x4  
  177  14:07  Roach  
  190  14:14  Ravager x4  
  190  14:17  Hatchery  
  193  14:18  Zergling x12  
  193  14:19  Zergling x2  
  193  14:22  Hatchery  
  195  14:32  Zergling x2  
  195  14:33  Zergling x6  
  199  14:41  Baneling x11  
  199  14:51  Zerg Flyer Weapons Level 3  
  179  15:04  Roach x6  
  179  15:05  Zergling x8  
  180  15:07  Viper x2  
  180  15:11  Drone x6  
  180  15:13  Ravager x3  
  195  15:16  Roach x2  
  195  15:18  Overlord  
  192  15:29  Drone  
  192  15:30  Drone x9  
  192  15:34  Zergling x4  
  192  15:35  Zergling x4  
  199  15:38  Ravager  
  199  15:54  Zergling x2  
  200  16:07  Drone, Spore Crawler  
  200  16:08  Spine Crawler  
  200  16:10  Zerg Ground Armor Level 1  
  198  16:18  Hatchery  
  188  16:23  Zergling x28, Roach x2  
  188  16:24  Zergling x2  
  196  16:32  Ravager x3  
  196  16:43  Zergling x14  
  192  16:56  Baneling x16  
  192  16:58  Zergling x24  
  200  17:04  Zergling x8  
  200  17:27  Hatchery  
  176  17:41  Zergling x12  
  176  17:42  Zergling x30  
  180  17:50  Zergling x10, Roach x3  
  191  17:59  Zergling x2, Roach x2  
  191  18:00  Zergling x4  
  199  18:11  Hatchery, Baneling x4  
  199  18:12  Baneling x10, Ravager  
  199  18:13  Ravager  
  199  18:15  Zerg Ground Armor Level 2  
  188  18:27  Zergling x14  
  188  18:28  Zergling x20  
  188  18:32  Hatchery  
  196  18:34  Zergling x6  
  196  18:35  Zergling x4  
  199  18:43  Zergling x2  
  199  18:51  Baneling x13  
  199  18:52  Hatchery  
  176  19:05  Zergling x32, Roach x3  
  184  19:13  Zergling x4, Roach x2  
  184  19:14  Zergling x4  
  184  19:21  Zergling x6, Roach x4  
  175  19:25  Roach  
  175  19:30  Roach x3  
  175  19:31  Roach x2  
  175  19:36  Roach x3  
  178  19:39  Ravager  
  178  19:40  Ravager x3  
  182  19:46  Ravager x6  
  182  19:48  Roach  
  182  19:49  Zergling x12, Roach x2  
  189  20:01  Zergling x18, Roach x2  
  188  20:16  Zergling x2, Roach  
  188  20:17  Zergling x22  
  194  20:27  Zergling x14, Roach x2  
  181  20:34  Roach  
  181  20:35  Zergling x8, Roach  
  177  20:42  Ravager x6  
  177  20:48  Zergling x8  
  177  20:49  Zergling x6  
  184  20:50  Baneling x9  
  184  21:02  Baneling x14  
  184  21:07  Zergling x22  
  195  21:14  Baneling x5  
  174  21:33  Zergling x38  
  174  21:35  Zergling x6, Roach x2  
  184  21:42  Zergling x2, Roach x2  
  184  21:43  Zergling x4  
  178  21:47  Zergling x4, Roach x3  
  178  21:48  Zergling x2  
  172  22:02  Zergling x2, Roach x3  
  172  22:03  Zergling x10  
  168  22:13  Ravager x7  
  173  22:17  Zergling x10, Roach x3  
  173  22:19  Roach  
  181  22:26  Zergling x6, Roach x2  
  178  22:30  Zergling x6  
  176  22:37  Hatchery  
Tags
 
Add a new tag
Caveats
  • Supply blocks, unpowered buildings, or Contaminate may cause inaccurate times.
  • Supply counts are checked every 10 seconds.